 Dungeon Crawl Stone Soup version 0.29.0-15-g675c0067aa (webtiles) character file.

Game seed: 17254738342064688205

6 xian the Sneak (level 1, -3/19 HPs)
             Began as a Naga Wanderer on Sept 12, 2022.
             Slain by a kobold
             ... wielding a +0 short sword
              (4 damage)
             ... on level 1 of the Dungeon.
             The game lasted 00:01:10 (174 turns).

xian the Sneak (Naga Wanderer)                       Turns: 174, Time: 00:01:10

Health: -3/19      AC:  1    Str: 11    XL:     1   Next: 90%
Magic:  0/2        EV:  9    Int: 11    God:
Gold:   14         SH:  0    Dex: 14    Spells: 1/2 levels left

rFire   . . .      SeeInvis +   a - +2 dagger
rCold   . . .      Faith    .   (no shield)
rNeg    . . .      Spirit   .   e - +0 robe
rPois   +          Reflect  .   (no helmet)
rElec   .          Harm     .   (no cloak)
rCorr   .          Rampage  .   (no gloves)
Will    .....                   (no barding)
Stlth   ++++......              (no amulet)
HPRegen 0.06/turn               (no ring)
MPRegen 0.08/turn               (no ring)

@: short of breath, very slightly contaminated, very slow
A: AC +0, large, see invisible, deformed body, poison resistance, slowness 2,
spit poison 1, naga tail 1
a: Spit Poison


You were on level 1 of the Dungeon.
You visited 1 branch of the dungeon, and saw 1 of its levels.

You collected 14 gold pieces.

Inventory:

Hand Weapons
 a - a +2 dagger (weapon)
Armour
 e - a +0 robe (worn)
Scrolls
 c - a scroll of teleportation
 d - a scroll of blinking
Potions
 b - a potion of invisibility
 f - 2 potions of heal wounds {unknown}


   Skills:
 + Level 2.0 Fighting
 + Level 1.0 Throwing
 + Level 7.6 Stealth
 + Level 1.1 Spellcasting
 + Level 1.0 Fire Magic


You had one spell level left.
You knew the following spells:

 Your Spells              Type           Power      Damage    Failure   Level
a - Foxfire               Conj/Fire      4%         2x1d4     26%         1

Your spell library contained the following spells:

 Spells                   Type           Power      Damage    Failure   Level
 Conjure Flame            Conj/Fire      1%         6-21      61%         3


Dungeon Overview and Level Annotations

Branches:
Dungeon (1/15)

Altars:


Innate Abilities, Weirdness & Mutations

Your serpentine skin is tough. (AC +0)
You have supernaturally acute eyesight. (SInv)
Armour fits poorly on your strangely shaped body.
Your system is resistant to poisons. (rPois)
You cover ground very slowly.
You can spit poison.
You have a snake-like lower body.


Message History

The quokka is moderately wounded.
The quokka bites you.
You closely miss the quokka.
The quokka is moderately wounded.
The quokka bites you. The frilled lizard barely misses you.
The quokka barely misses you.
You hit the quokka.
The quokka is almost dead.
The frilled lizard bites you. The quokka bites you.
You hit the quokka.
You kill the quokka!
The kobold hits you with a +0 short sword.
The frilled lizard closely misses you.
Unknown command.
You are too injured to fight recklessly!
Unknown command.
The frilled lizard bites you but does no damage.
The kobold barely misses you. The frilled lizard bites you.
* * * LOW HITPOINT WARNING * * *
The frilled lizard barely misses you.
Casting: Foxfire (safe; 26% risk of failure)
Confirm with . or Enter, or press ? or * to list all spells.
You miscast Foxfire.
You are very lightly contaminated with residual magic.
Nothing appears to happen.
The frilled lizard bites you.
* * * LOW HITPOINT WARNING * * *
The kobold hits you with a +0 short sword.
* * * LOW HITPOINT WARNING * * *
Okay, then.
Aiming: Spit Poison (3% risk of failure)
Press: ? - help, Shift-Dir - straight line, f - kobold
Aim: a kobold, wielding a +0 short sword (43% to hit)
The splash of poison misses the kobold.
The kobold hits you with a +0 short sword.
* * * LOW HITPOINT WARNING * * *
The frilled lizard closely misses you.
A ball python comes into view.
You barely miss the kobold. The frilled lizard closely misses you.
The kobold hits you with a +0 short sword.
You die...

.......... ... ..........
S.. #......... #.#
.......... .. ##.##
......>. ..## ... #.......
..... #.# #..#####
.....#####.##########.#####
:...>....K@................
.......#†l.....###..#######
.......#.##.##.....##
.....)...#...#..####
......##..._...## ##...
#.#...#.# ### #.##.##.#
#.......# #### ####


You could see a ball python (wandering), a kobold and a frilled lizard.

Vanquished Creatures
  A dart slug (D:1)
  A quokka (D:1)
  A ball python (D:1)
  A bat (D:1)
  A kobold (D:1)
5 creatures vanquished.

Vanquished Creatures (others)
  7 foxfires (D:1)
7 creatures vanquished.

Grand Total: 12 creatures vanquished

Notes
Turn   | Place    | Note
-------+----------+-------------------------------------------
     0 | D:1      | xian the Naga Wanderer began the quest for the Orb.
     0 | D:1      | xian set off with the following items: a +2 dagger, a
                  | potion of invisibility, a scroll of teleportation, a scroll
                  | of blinking, a +0 robe; and the following spell memorised:
                  | Foxfire; and the following spells available to memorise:
                  | Conjure Flame.
     0 | D:1      | Reached XP level 1. HP: 19/19 MP: 2/2
   141 | D:1      | Found a faded altar of an unknown god.
   174 | D:1      | Slain by a kobold

Illustrated notes

Levels and vault maps discovered:
D:1:      minmay_arrival_shattered_statue, layout_rooms,
          ebering_ecumenical_altar_box, grunt_decor_junction,
          roderic_serpentine_path, chequers_garden, serial_park_tiny_2,
          corexii_corridor_pit, amcnicky_mini_corridor_feature

Action                   || total
-------------------------++-------
Melee: Dagger            ||     8
 Cast: Foxfire           ||     4
 Abil: Spit Poison       ||     5
Armor: Robe              ||     4
Dodge: Dodged            ||    10
